 Dungeon Crawl Stone Soup version 0.27.1-34-g3ba077fa99 (webtiles) character file.

Game seed: 5904006370832953706

2 zeram the Sneak (level 1, -7/13 HPs)
             Began as a Gnoll Enchanter on Jan 9, 2022.
             Mangled by a gnoll (9 damage)
             ... on level 1 of the Dungeon.
             The game lasted 00:00:16 (35 turns).

zeram the Sneak (Gnoll Enchanter)                     Turns: 35, Time: 00:00:17

Health: -7/13      AC:  2    Str:  7    XL:     1   Next: 30%
Magic:  6/6        EV: 13    Int: 14    God:
Gold:   0          SH:  0    Dex: 12    Spells: 8/9 levels left

rFire    . . .     SeeInvis .   a - +1 dagger
rCold    . . .     Faith    .   (no shield)
rNeg     . . .     Spirit   .   b - +0 robe
rPois    .         Reflect  .   (no helmet)
rElec    .         Harm     .   (no cloak)
rCorr    .         Rampage  .   (no gloves)
Will     .....                  (no boots)
Stlth    +++.......             (no amulet)
HPRegen  0.04/turn              (no ring)
MPRegen  0.10/turn              (no ring)

@: no status effects
A: fangs 1, strong nose, distributed training
a: no special abilities


You were on level 1 of the Dungeon.
You visited 1 branch of the dungeon, and saw 1 of its levels.

Inventory:

Hand Weapons
 a - a +1 dagger (weapon)
Armour
 b - a +0 robe (worn)


   Skills:
 + Level 0.0 Fighting
 + Level 2.3 Short Blades
 + Level 0.0 Long Blades
 + Level 0.0 Axes
 + Level 0.0 Maces & Flails
 + Level 0.0 Polearms
 + Level 0.0 Staves
 + Level 0.0 Slings
 + Level 0.0 Bows
 + Level 0.0 Crossbows
 + Level 0.0 Throwing
 + Level 0.0 Armour
 + Level 4.4 Dodging
 + Level 5.8 Stealth
 + Level 0.0 Shields
 + Level 0.0 Unarmed Combat
 + Level 4.8 Spellcasting
 + Level 0.0 Conjurations
 + Level 5.3 Hexes
 + Level 0.0 Summonings
 + Level 0.0 Necromancy
 + Level 0.0 Translocations
 + Level 0.0 Transmutations
 + Level 0.0 Fire Magic
 + Level 0.0 Ice Magic
 + Level 0.0 Air Magic
 + Level 0.0 Earth Magic
 + Level 0.0 Poison Magic
 + Level 0.1 Invocations
 + Level 0.0 Evocations


You had 8 spell levels left.
You knew the following spells:

 Your Spells              Type           Power      Damage    Failure   Level
a - Corona                Hex            20%        N/A       1%          1

Your spell library contained the following spells:

 Spells                   Type           Power      Damage    Failure   Level
 Confusing Touch          Hex            18%        N/A       6%          3
 Tukima's Dance           Hex            18%        N/A       6%          3
 Ensorcelled Hibernation  Hex/Ice        20%        N/A       9%          2
 Dazzling Flash           Conj/Hex       20%        N/A       17%         3


Dungeon Overview and Level Annotations

Branches:
Dungeon (1/15)

Altars:


Innate Abilities, Weirdness & Mutations

You have very sharp teeth.
Your uncanny sense of smell can sniff out nearby items.
Your experience applies equally to all skills.


Message History

Found a ring mail.
A giant cockroach comes into view.
Found a scroll labelled IMAADGH RAOKUI.
Found two stone staircases leading down.
A giant cockroach is nearby!
A giant cockroach is nearby!
A giant cockroach is nearby!
A gnoll comes into view. It is wielding a +0 spear.
Found an escape hatch in the floor.
A frilled lizard comes into view.
The helpless giant cockroach fails to defend itself.
You impale the giant cockroach!!
You kill the giant cockroach!
The frilled lizard hisses angrily.
The gnoll shouts!
The gnoll closely misses you.
You hear a shout!
The gnoll hits you with a +0 spear.
A goblin comes into view. It is wielding a +0 club.
You barely miss the gnoll. The gnoll hits you with a +0 spear.
* * * LOW HITPOINT WARNING * * *
You are too injured to fight recklessly!
You are too injured to fight recklessly!
Unknown command.
Casting: Corona (safe; 1% risk of failure)
Confirm with . or Enter, or press ? or * to list all spells.
You don't know that spell.
The gnoll closely misses you.
You hit the frilled lizard.
You kill the frilled lizard!
As you read the scroll labelled DUYDUONNIL, it crumbles to dust.
It is a scroll of identify.
You don't have any unidentified items.
The gnoll hits you from afar with a +0 spear.
* * * LOW HITPOINT WARNING * * *
The gnoll closely misses you.
You hit the gnoll.
The gnoll is lightly wounded.
The gnoll hits you with a +0 spear!
Ouch! That really hurt!
You die...

.......>...?...#
##......>.g....#
.....>.........#
.............#.#
.###...##.g.##.#####
...................
###########.#######
........gg.[......
#.####@####.####.
#...# ..# #.⌠.# .#
#...# .# ##.## .##
##.####.####.####.
..................
..........<.......
..................


You could see a gnoll and a goblin.

Vanquished Creatures
  A giant cockroach (D:1)
  A frilled lizard (D:1)
2 creatures vanquished.

Notes
Turn   | Place    | Note
-------+----------+-------------------------------------------
     0 | D:1      | zeram the Gnoll Enchanter began the quest for the Orb.
     0 | D:1      | Reached XP level 1. HP: 13/13 MP: 6/6
    35 | D:1      | Mangled by a gnoll

Illustrated notes

Levels and vault maps discovered:
D:1:      dpeg_arrival_chambers_temple_mockup, layout_rooms, serial_shops,
          nicolae_shop_statue_plus, nicolae_shop_statue_plus

Action                   || total
-------------------------++-------
Melee: Dagger            ||     4
  Use: Scroll            ||     1
 Stab: Sleeping          ||     1
Dodge: Dodged            ||     3
